 Dungeon Crawl Stone Soup version 0.29.1-14-g9c671dbff4 (webtiles) character file.

Game seed: 677765411904918248

35 Gabide the Ruffian (level 3, -1/33 HPs)
             Began as a Hill Orc Berserker on Feb 16, 2023.
             Was a Follower of Trog.
             Succumbed to a gnoll's poison
             ... on level 2 of the Dungeon.
             The game lasted 00:01:21 (1193 turns).

Gabide the Ruffian (Hill Orc Berserker)             Turns: 1193, Time: 00:01:21

Health: -1/33      AC:  5    Str: 27    XL:     3   Next: 33%
Magic:  3/3        EV: 11    Int:  7    God:    Trog [*.....]
Gold:   49         SH:  5    Dex: 10    Spells: 2/2 levels left

rFire   . . .      SeeInvis .     - Unarmed
rCold   . . .      Faith    .   (no shield)
rNeg    . . .      Spirit   .   c - +0 ring mail
rPois   .          Reflect  +   (no helmet)
rElec   .          Harm     .   (no cloak)
rCorr   .          Rampage  .   (no gloves)
Will    ++...                   (no boots)
Stlth   ..........              i - amulet of reflection
HPRegen 1.11/turn               e - +6 ring of strength
MPRegen 0.08/turn               (no ring)

@: lethally poisoned (-1 -> -16), strong-willed, regenerating
A: no striking features
a: Renounce Religion, Berserk


You were on level 2 of the Dungeon.
You worshipped Trog.
Trog was aware of your devotion.
You visited 1 branch of the dungeon, and saw 2 of its levels.

You collected 49 gold pieces.

Inventory:

Armour
 c - a +0 ring mail (worn)
Jewellery
 e - a +6 ring of strength (left hand)
 i - an amulet of reflection (around neck)
Scrolls
 a - a scroll of magic mapping {unknown}
 b - 2 scrolls of identify {unknown}
 d - 2 scrolls of teleportation {unknown}
 f - a scroll of butterflies {unknown}
Potions
 g - 2 potions of berserk rage {unknown}
 h - a potion of curing {unknown}
 j - a potion of invisibility {unknown}


   Skills:
 + Level 4.1 Fighting
 - Level 2.1 Armour
 + Level 2.0 Dodging
 * Level 4.1 Unarmed Combat


You had 2 spell levels left.
You didn't know any spells.
Your spell library was empty.

Dungeon Overview and Level Annotations

Branches:
Dungeon (2/15)

Altars:


Message History

You punch the gnoll!
The gnoll is heavily wounded.
The frilled lizard misses you. You block the gnoll's attack.
You hit the gnoll.
The gnoll is severely wounded.
The goblin closely misses you. You block the gnoll's attack.
The frilled lizard bites you but does no damage.
You hit the gnoll.
The gnoll is almost dead.
The gnoll hits you but does no damage. The goblin barely misses you.
The gnoll hits you with a +0 flail.
The gnoll hits you from afar with a +0 halberd of venom.
You are poisoned.
The frilled lizard barely misses you.
You completely miss the gnoll.
The gnoll is almost dead.
You feel sick. The gnoll closely misses you. The goblin closely misses you.
The gnoll misses you.
The gnoll hits you from afar with a +0 halberd of venom!
You are lethally poisoned!
You block the frilled lizard's attack.
Your skin crawls.
You feel strong-willed.
You can no longer call upon Trog for regeneration and willpower.
You feel very sick. The gnoll barely misses you.
The gnoll hits you from afar with a +0 halberd of venom.
* * * LOW HITPOINT WARNING * * *
You are more poisoned.
The frilled lizard hisses.
The frilled lizard bites you but does no damage.
The goblin hits you but does no damage.
* * * LOW HITPOINT WARNING * * *
You feel extremely sick.
Okay, then.
Unknown command.
Unknown command.
Unknown command.
Unknown command.
You die...

#.......#######
#......<.......#
###.............##
..................#
#......g.......#$.
#....g.g........#
#....lg........#
##...g.!.......#
.....###.@.......##
.................$##
............††.....#
####................
..................
...###.#..........
...............)..##
...##....##........##
..##....##...........


You could see 4 gnolls, a goblin and a frilled lizard.

Vanquished Creatures
  2 dart slugs (D:1)
  8 ball pythons
  2 endoplasms (D:1)
  2 goblins (D:1)
  2 hobgoblins (D:1)
  3 jackals (D:2)
  A quokka (D:1)
  4 bats
  A frilled lizard (D:1)
  2 rats
27 creatures vanquished.

Notes
Turn   | Place    | Note
-------+----------+-------------------------------------------
     0 | D:1      | Gabide the Hill Orc Berserker began the quest for the Orb.
     0 | D:1      | Reached XP level 1. HP: 19/19 MP: 1/1
   122 | D:1      | Reached XP level 2. HP: 23/27 MP: 2/2
   674 | D:1      | Reached XP level 3. HP: 31/33 MP: 3/3
  1113 | D:2      | Reached ** piety under Trog
  1193 | D:2      | Succumbed to a gnoll's poison

Illustrated notes

Levels and vault maps discovered:
D:1:      onia_arrival_pyramid, layout_loops_ring, corner_web_ring,
          grunt_decor_mini_mirrors
D:2:      layout_rooms, kennysheep_doodads

Skill      XL: |  1  2  3 |
---------------+----------+-----
Fighting       | 4 |  4.1
Unarmed Combat | 4 |  4.1
Dodging        | 2 |  2.0
Armour         | |  2.1

Action                   || total
-------------------------++-------
Melee: Unarmed           ||    84
       Punch             ||     2
Invok: Trog's Hand       ||     1
 Stab: Sleeping          ||     1
Armor: Ring mail         ||    24
Dodge: Dodged            ||    69
Block: Other             ||     7
